MLB
LOS ANGELES (N) DODGERS @ MILWAUKEE BREWERS
08/17/2041
 
TOP OF THE 1ST
Los Angeles (N) Dodgers batting - Pitching for Milwaukee Brewers : RHP Arturo Gil
Pitching: RHP Arturo Gil
Batting: RHB Rocky Hutchison 0-0: Called Strike
0-1: Ball
1-1: Swinging Strike
1-2: Ground out 3-1 (Groundball, 13, EV 80.0 MPH)
Pitching: RHP Tomás Palácios
Batting: LHB Sean Williams 0-0: Called Strike
0-1: SOLO HOME RUN (Flyball, 89XD, EV 102.5 MPH), Distance : 410 ft
Batting: SHB Gonzo Ganjahlez 0-0: Called Strike
0-1: SOLO HOME RUN (Flyball, 7D, EV 105.0 MPH), Distance : 398 ft
Batting: RHB Abraão Vicente 0-0: Called Strike
0-1: Ball
1-1: Foul Ball, location: 9LSF
1-2: Strikes out swinging
Batting: RHB Luis Yagues 0-0: Ball
1-0: Foul Ball, location: 9LSF
1-1: Swinging Strike
1-2: Foul Ball, location: 2F
1-2: Foul Ball, location: 9LMF
1-2: Foul Ball, location: 5F
1-2: Foul Ball, location: 2F
1-2: Strikes out looking
Top of the 1st over - 2 runs, 2 hits, 0 errors, 0 left on base; Los Angeles (N) 2 - Milwaukee 0
BOTTOM OF THE 1ST
Milwaukee Brewers batting - Pitching for Los Angeles (N) Dodgers : LHP Ken McDonald
Pitching: LHP Ken McDonald
Batting: SHB José Hernández 0-0: Ball
1-0: DOUBLE (Line Drive, 89M, EV 99.4 MPH)
Batting: RHB Rico Rodríguez 0-0: Called Strike
0-1: Foul Ball, location: 9LDF
0-2: Fielders Choice attempt at 3rd, Runner SAFE. 6-5 (Groundball, 6, EV 105.6 MPH)
Batting: RHB Pepe Franco 0-0: Fly out, F7 (Flyball, 7LD, EV 108.8 MPH)
Runner from 3rd tags up, SCORES, no throw by LF
Batting: RHB Josh Forrest 0-0: Ball
1-0: Called Strike
1-1: Swinging Strike
1-2: Foul Ball, location: 5F
1-2: Foul Ball, location: 5SF
1-2: SINGLE (Groundball, 6MS, EV 71.3 MPH) (infield hit)
Rico Rodríguez to second
Batting: LHB Jorge Ramírez 0-0: Ball
1-0: Ball
2-0: Called Strike
2-1: Fly out, F4 (Popup, 4S, EV 67.5 MPH)
Batting: RHB José Cruz 0-0: Ball
1-0: Ball
2-0: Swinging Strike
2-1: Foul Ball, location: 2F
2-2: Strikes out swinging
Bottom of the 1st over - 1 run, 2 hits, 0 errors, 2 left on base; Los Angeles (N) 2 - Milwaukee 1
TOP OF THE 2ND
Los Angeles (N) Dodgers batting - Pitching for Milwaukee Brewers : RHP Tomás Palácios
Batting: RHB José Costa 0-0: Ball
1-0: Called Strike
1-1: Ball
2-1: Ground out 5-3 (Groundball, 5, EV 90.6 MPH)
Batting: RHB Lonnie Anderson 0-0: Ball
1-0: Called Strike
1-1: Fly out, F9 (Flyball, 9, EV 83.1 MPH)
Batting: SHB Leroy Brown 0-0: Ball
1-0: Ball
2-0: Foul Ball, location: 2F
2-1: Hit by Pitch
Batting: RHB T.J. Greenham 0-0: Ball
Leroy Brown steals 2nd base (no throw)
1-0: Called Strike
1-1: Ball
2-1: Ball
3-1: Swinging Strike
3-2: Strikes out swinging
Top of the 2nd over - 0 runs, 0 hits, 0 errors, 1 left on base; Los Angeles (N) 2 - Milwaukee 1
BOTTOM OF THE 2ND
Milwaukee Brewers batting - Pitching for Los Angeles (N) Dodgers : LHP Ken McDonald
Batting: LHB Dave Lynch 0-0: Called Strike
0-1: Foul Ball, location: 7LMF
0-2: Foul Ball, location: 2F
0-2: Foul Ball, location: 7LSF
0-2: Fly out, F6 (Popup, 6M, EV 67.5 MPH)
Batting: RHB Juan Alvarado 0-0: Swinging Strike
0-1: Ball
1-1: Swinging Strike
1-2: Ball
2-2: Ball
3-2: Base on Balls
Batting: RHB António Hernández 0-0: Called Strike
0-1: Fielders Choice at 2nd, 1-4 (Groundball, 15S, EV 69.4 MPH)
Batting: SHB José Hernández 0-0: Ball
1-0: Ball
2-0: Ball
3-0: Fielders Choice at 2nd, 6-4 (Groundball, 6, EV 85.0 MPH)
Bottom of the 2nd over - 0 runs, 0 hits, 0 errors, 1 left on base; Los Angeles (N) 2 - Milwaukee 1
TOP OF THE 3RD
Los Angeles (N) Dodgers batting - Pitching for Milwaukee Brewers : RHP Tomás Palácios
Batting: RHB Rocky Hutchison 0-0: Called Strike
0-1: Foul Ball, location: 2F
0-2: Ground out 6-3 (Groundball, 6M, EV 87.5 MPH)
Batting: LHB Sean Williams 0-0: Ground out 6-3 (Groundball, 6, EV 81.9 MPH)
Batting: SHB Gonzo Ganjahlez 0-0: Ball
1-0: Swinging Strike
1-1: Called Strike
1-2: Foul Ball, location: 25FF
1-2: Foul Ball, location: 5F
1-2: Ball
2-2: SINGLE (Line Drive, 3D, EV 70.0 MPH)
Batting: RHB Abraão Vicente 0-0: Foul Ball, location: 2F
0-1: Fielders Choice at 2nd, 6-4 (Groundball, 6, EV 90.0 MPH)
Top of the 3rd over - 0 runs, 1 hit, 0 errors, 1 left on base; Los Angeles (N) 2 - Milwaukee 1
BOTTOM OF THE 3RD
Milwaukee Brewers batting - Pitching for Los Angeles (N) Dodgers : LHP Ken McDonald
Batting: RHB Rico Rodríguez 0-0: Ball
1-0: Foul Ball, location: 2F
1-1: Foul Ball, location: 2LF
1-2: Ball
2-2: Foul Ball, location: 2LF
2-2: Ground out 5-3 (Groundball, 56S, EV 68.1 MPH)
Batting: RHB Pepe Franco 0-0: Called Strike
0-1: Ball
1-1: Called Strike
1-2: Ground out 6-3 (Groundball, 6M, EV 85.0 MPH)
Batting: RHB Josh Forrest 0-0: Called Strike
0-1: Ball
1-1: SINGLE (Line Drive, 7S, EV 103.8 MPH)
Batting: LHB Jorge Ramírez 0-0: Foul Ball, location: 7LDF
0-1: Ball
1-1: Foul Ball, location: 9LDF
1-2: Foul Ball, location: 7LSF
1-2: Foul Ball, location: 2F
1-2: Ball
2-2: Foul Ball, location: 2F
2-2: Foul Ball, location: 5SF
2-2: Fly out, F6 (Line Drive, 6, EV 71.3 MPH)
Bottom of the 3rd over - 0 runs, 1 hit, 0 errors, 1 left on base; Los Angeles (N) 2 - Milwaukee 1
TOP OF THE 4TH
Los Angeles (N) Dodgers batting - Pitching for Milwaukee Brewers : RHP Tomás Palácios
Batting: RHB Luis Yagues 0-0: Called Strike
0-1: Ball
1-1: Ball
2-1: Foul Ball, location: 9LSF
2-2: SINGLE (Groundball, 34, EV 103.8 MPH) (infield hit)
Pitching: RHP Joe Knight
Batting: RHB José Costa 0-0: Called Strike
0-1: Swinging Strike
0-2: Strikes out looking
Batting: RHB Lonnie Anderson 0-0: Ball
Luis Yagues steals 2nd base (no throw)
1-0: Ball
2-0: Called Strike
2-1: Ball
3-1: Called Strike
3-2: Ground out 6-3 (Groundball, 6, EV 104.4 MPH)
Luis Yagues to third
Batting: SHB Leroy Brown 0-0: Ball
1-0: Called Strike
1-1: Ball
2-1: Called Strike
2-2: Foul Ball, location: 2F
2-2: Ground out 4-3 (Groundball, 4, EV 86.9 MPH)
Top of the 4th over - 0 runs, 1 hit, 0 errors, 1 left on base; Los Angeles (N) 2 - Milwaukee 1
BOTTOM OF THE 4TH
Milwaukee Brewers batting - Pitching for Los Angeles (N) Dodgers : LHP Ken McDonald
Batting: RHB José Cruz 0-0: Foul Ball, location: 2F
0-1: Ball
1-1: Fly out, F9 (Flyball, 9D, EV 101.9 MPH)
Batting: LHB Dave Lynch 0-0: Ball
1-0: Foul Ball, location: 25F
1-1: Bunted foul
1-2: Ball
2-2: SINGLE (Groundball, 56S, EV 62.5 MPH) (infield hit)
Batting: RHB Juan Alvarado 0-0: Called Strike
Dave Lynch steals 2nd base
0-1: Swinging Strike
0-2: Ball
1-2: Ball
2-2: Strikes out swinging
Batting: RHB António Hernández 0-0: Called Strike
0-1: Foul Ball, location: 23F
0-2: Ball
1-2: Ball
2-2: SINGLE (Line Drive, 5D, EV 95.6 MPH)
Dave Lynch to third
Runner from 3rd tries for Home, SAFE, throw by LF to home
Batting: SHB José Hernández 0-0: Foul Ball, location: 2F
0-1: Called Strike
0-2: Ball
1-2: Ball
2-2: Foul Ball, location: 2F
2-2: Strikes out swinging
Bottom of the 4th over - 1 run, 2 hits, 0 errors, 1 left on base; Los Angeles (N) 2 - Milwaukee 2
TOP OF THE 5TH
Los Angeles (N) Dodgers batting - Pitching for Milwaukee Brewers : RHP Joe Knight
Batting: RHB T.J. Greenham 0-0: Called Strike
0-1: Ball
1-1: Ball
2-1: Ball
3-1: Foul Ball, location: 9LSFF
3-2: Ground out 5-3 (Groundball, 5L, EV 105.0 MPH)
Batting: RHB Rocky Hutchison 0-0: Called Strike
0-1: Ball
1-1: Foul Ball, location: 3SF
1-2: Fly out, F6 (Popup, 6D, EV 47.5 MPH)
Batting: LHB Sean Williams 0-0: Ball
1-0: Foul Ball, location: 25FF
1-1: Foul Ball, location: 9LMF
1-2: DOUBLE (Flyball, 89D, EV 103.8 MPH)
Batting: SHB Gonzo Ganjahlez 0-0: Ground out 6-3 (Groundball, 4M, EV 95.0 MPH)
Top of the 5th over - 0 runs, 1 hit, 0 errors, 1 left on base; Los Angeles (N) 2 - Milwaukee 2
BOTTOM OF THE 5TH
Milwaukee Brewers batting - Pitching for Los Angeles (N) Dodgers : LHP Ken McDonald
Batting: RHB Rico Rodríguez 0-0: Ball
1-0: Ball
2-0: Called Strike
2-1: Ground out U3 (Groundball, 3L, EV 78.1 MPH)
Batting: RHB Pepe Franco 0-0: Ball
1-0: Ball
2-0: Foul Ball, location: 2F
2-1: Ball
3-1: Base on Balls
Batting: RHB Josh Forrest 0-0: Called Strike
0-1: Ball
1-1: Ball
2-1: Foul Ball, location: 3F
2-2: Foul Ball, location: 3SF
2-2: Foul Ball, location: 2F
2-2: Foul Ball, location: 9LMF
2-2: Strikes out swinging
Batting: LHB Jorge Ramírez 0-0: Ball
1-0: Called Strike
1-1: Ball
Pepe Franco steals 2nd base (no throw)
2-1: Ball
3-1: Base on Balls
Pitching: RHP Phil Foster
Batting: RHB José Cruz 0-0: Called Strike
0-1: Ball
1-1: Ball
2-1: Foul Ball, location: 9LMF
2-2: Foul Ball, location: 25F
2-2: Fly out, F7 (Line Drive, 7S, EV 86.3 MPH)
Bottom of the 5th over - 0 runs, 0 hits, 0 errors, 2 left on base; Los Angeles (N) 2 - Milwaukee 2
TOP OF THE 6TH
Los Angeles (N) Dodgers batting - Pitching for Milwaukee Brewers : RHP Joe Knight
Batting: RHB Abraão Vicente 0-0: Foul Ball, location: 5DF
0-1: Fly out, F7 (Flyball, 7LD, EV 105.6 MPH)
Batting: RHB Luis Yagues 0-0: SINGLE (Line Drive, 78M, EV 98.1 MPH)
Batting: RHB José Costa 0-0: Foul Ball, location: 5F
0-1: Called Strike
Luis Yagues steals 2nd base
0-2: Foul Ball, location: 3F
0-2: Fly out, F9 (Flyball, 9S, EV 91.9 MPH)
Batting: RHB Lonnie Anderson 0-0: Foul Ball, location: 3DF
0-1: Ball
1-1: 2-RUN HOME RUN (Flyball, 8RXD, EV 99.4 MPH), Distance : 408 ft
Batting: SHB Leroy Brown 0-0: Ball
1-0: SINGLE (Line Drive, 7S, EV 96.3 MPH)
Batting: RHB T.J. Greenham 0-0: Ball
1-0: Ball
2-0: Called Strike
Leroy Brown steals 2nd base
2-1: Foul Ball, location: 9LMF
2-2: Ball
3-2: DOUBLE (Line Drive, 9LM, EV 109.4 MPH)
Leroy Brown scores
Pitching: RHP Tim Sulejmani
Batting: RHB Rocky Hutchison 0-0: Called Strike
0-1: Ball
1-1: Swinging Strike
1-2: Ground out 6-3 (Groundball, 6, EV 87.5 MPH)
Top of the 6th over - 3 runs, 4 hits, 0 errors, 1 left on base; Los Angeles (N) 5 - Milwaukee 2
BOTTOM OF THE 6TH
Milwaukee Brewers batting - Pitching for Los Angeles (N) Dodgers : RHP Phil Foster
Batting: LHB Dave Lynch 0-0: Called Strike
0-1: Bunted foul
0-2: Ground out U3 (Groundball, 13, EV 82.5 MPH)
Batting: RHB Juan Alvarado 0-0: Ball
1-0: Called Strike
1-1: Foul Ball, location: 2F
1-2: Foul Ball, location: 2F
1-2: Ground out U3 (Groundball, 3L, EV 83.1 MPH)
Batting: RHB António Hernández 0-0: SINGLE (Line Drive, 3D, EV 100.0 MPH)
Batting: SHB José Hernández 0-0: Swinging Strike
0-1: Foul Ball, location: 3DF
0-2: Ball
1-2: Strikes out looking
Bottom of the 6th over - 0 runs, 1 hit, 0 errors, 1 left on base; Los Angeles (N) 5 - Milwaukee 2
TOP OF THE 7TH
Los Angeles (N) Dodgers batting - Pitching for Milwaukee Brewers : RHP Tim Sulejmani
Pitching: LHP Arturo Cisneros
Batting: LHB Sean Williams 0-0: Called Strike
0-1: Ball
1-1: Ball
2-1: Foul Ball, location: 5F
2-2: SINGLE (Line Drive, 9S, EV 100.0 MPH)
Batting: SHB Gonzo Ganjahlez 0-0: Ball
Sean Williams is caught stealing 2nd base 2-4
1-0: Called Strike
1-1: Ball
2-1: Ground out 5-3 (Groundball, 56, EV 87.5 MPH)
Batting: RHB Abraão Vicente 0-0: Called Strike
0-1: Ball
1-1: SOLO HOME RUN (Flyball, 78XD, EV 105.0 MPH), Distance : 446 ft
Batting: RHB Luis Yagues 0-0: Called Strike
0-1: Hit by Pitch
Batting: RHB José Costa 0-0: Ball
1-0: Fly out, F8 (Line Drive, 78S, EV 84.4 MPH)
Top of the 7th over - 1 run, 2 hits, 0 errors, 1 left on base; Los Angeles (N) 6 - Milwaukee 2
BOTTOM OF THE 7TH
Milwaukee Brewers batting - Pitching for Los Angeles (N) Dodgers : RHP Phil Foster
Batting: RHB Rico Rodríguez 0-0: Ball
1-0: SINGLE (Groundball, 13, EV 70.0 MPH) (infield hit)
Batting: RHB Pepe Franco 0-0: Grounds into double play, 4-6-3 (Groundball, 4, EV 86.3 MPH)
Batting: RHB Josh Forrest 0-0: Called Strike
0-1: Ball
1-1: Reached on error, E1 (Groundball, 15S, EV 66.9 MPH)
Batting: LHB Jorge Ramírez 0-0: Ball
1-0: Swinging Strike
1-1: Called Strike
Josh Forrest is caught stealing 2nd base 2-6
Bottom of the 7th over - 0 runs, 1 hit, 1 error, 0 left on base; Los Angeles (N) 6 - Milwaukee 2
TOP OF THE 8TH
Los Angeles (N) Dodgers batting - Pitching for Milwaukee Brewers : LHP Arturo Cisneros
Batting: RHB Lonnie Anderson 0-0: Swinging Strike
0-1: Foul Ball, location: 9LMF
0-2: Ball
1-2: Ball
2-2: Ball
3-2: Strikes out swinging
Batting: SHB Leroy Brown 0-0: Ball
1-0: Swinging Strike
1-1: Ball
2-1: Foul Ball, location: 2F
2-2: Foul Ball, location: 2F
2-2: Foul Ball, location: 2F
2-2: Ground out 6-3 (Groundball, 6, EV 96.9 MPH)
Pitching: LHP Albert Hernández
Batting: RHB T.J. Greenham 0-0: Ball
1-0: Ball
2-0: Ball
3-0: Foul Ball, location: 5F
3-1: Swinging Strike
3-2: Base on Balls
Batting: RHB Rocky Hutchison 0-0: Called Strike
0-1: Ball
1-1: Foul Ball, location: 3F
1-2: Strikes out swinging
Top of the 8th over - 0 runs, 0 hits, 0 errors, 1 left on base; Los Angeles (N) 6 - Milwaukee 2
BOTTOM OF THE 8TH
Milwaukee Brewers batting - Pitching for Los Angeles (N) Dodgers : RHP Phil Foster
Batting: LHB Jorge Ramírez 0-0: Foul Ball, location: 5F
0-1: Ball
1-1: Ground out U3 (Groundball, 34S, EV 76.9 MPH)
Batting: RHB José Cruz 0-0: Foul Ball, location: 23FF
0-1: Foul Ball, location: 25F
0-2: Ball
1-2: Ball
2-2: Strikes out swinging
Batting: LHB Dave Lynch 0-0: Ball
1-0: Fly out, F9 (Line Drive, 9S, EV 105.6 MPH)
Bottom of the 8th over - 0 runs, 0 hits, 0 errors, 0 left on base; Los Angeles (N) 6 - Milwaukee 2
TOP OF THE 9TH
Los Angeles (N) Dodgers batting - Pitching for Milwaukee Brewers : LHP Albert Hernández
Batting: LHB Sean Williams 0-0: Ball
1-0: Called Strike
1-1: Ball
2-1: Ball
3-1: Swinging Strike
3-2: Ground out 5-3 (Groundball, 6, EV 93.8 MPH)
Batting: SHB Gonzo Ganjahlez 0-0: Fly out, F7 (Flyball, 78M, EV 92.5 MPH)
Batting: RHB Abraão Vicente 0-0: Ball
1-0: Foul Ball, location: 2F
1-1: Ground out 6-3 (Groundball, 6, EV 101.3 MPH)
Top of the 9th over - 0 runs, 0 hits, 0 errors, 0 left on base; Los Angeles (N) 6 - Milwaukee 2
BOTTOM OF THE 9TH
Milwaukee Brewers batting - Pitching for Los Angeles (N) Dodgers : RHP Phil Foster
Batting: RHB Juan Alvarado 0-0: SINGLE (Line Drive, 89S, EV 101.9 MPH)
Batting: RHB António Hernández 0-0: Ball
1-0: Called Strike
1-1: Grounds into double play, 5-4-3 (Groundball, 56, EV 83.1 MPH)
Batting: SHB José Hernández 0-0: Ground out 2-3 (Groundball, 13S, EV 68.1 MPH)
Bottom of the 9th over - 0 runs, 1 hit, 0 errors, 0 left on base; Los Angeles (N) 6 - Milwaukee 2
Sunday, March 24th , 2024 - OOTP Baseball 24.10 Build 82